Map: Neon Violet Square LE

Players

Lambo - Winner!

  • Race: Zerg Zerg
  • Spawn Location: 11:00

Aelith

  • Race: Zerg Zerg
  • Spawn Location: 5:00

Event: WCS Leipzig 2018

VOD

Have the link to the VOD?

Description

Time

  • Played on: Jan. 26, 2018, 7:49 a.m.
  • Length: 7:39

All games in this series

Show
View Real Time Build Order
Export as new Build Order

Lambo Zerg - Winner!

Build Orders: Hatch First, Zergling Baneling 

Get SALT Encoding   

  12  0:01  Drone  
  13  0:14  Overlord  
  13  0:18  Drone  
  14  0:32  Drone x2  
  16  0:36  Drone  
  17  0:53  Hatchery  
  17  0:56  Drone  
  17  1:01  Drone  
  18  1:05  Extractor  
  17  1:15  Spawning Pool  
  17  1:18  Drone  
  17  1:21  Drone  
  18  1:30  Drone  
  19  1:42  Overlord  
  19  2:01  Queen  
  19  2:02  Zergling x4  
  19  2:06  Queen  
  19  2:07  Zergling x2  
  26  2:09  Metabolic Boost  
  26  2:16  Spine Crawler  
  26  2:20  Zergling x2  
  26  2:23  Zergling x2  
  27  2:31  Zergling x4  
  27  2:33  Zergling x2  
  30  2:40  Zergling x2  
  27  2:45  Zergling x2  
  27  2:48  Zergling x2  
  27  3:01  Drone x2  
  29  3:06  Drone  
  29  3:12  Drone  
  31  3:17  Baneling Nest  
  31  3:19  Drone x3  
  33  3:21  Drone  
  33  3:24  Drone  
  34  3:41  Drone  
  34  3:43  Overlord  
  34  3:45  Overlord  
  35  3:50  Zergling x4  
  35  3:59  Zergling x2  
  35  4:00  Overlord  
  35  4:06  Zergling x2  
  35  4:07  Zergling x10  
  41  4:13  Baneling x2  
  41  4:14  Zergling x2  
  42  4:20  Baneling x2  
  42  4:23  Zergling x2  
  42  4:31  Drone  
  42  4:32  Drone x6  
  42  4:35  Drone  
  50  4:42  Drone x2  
  51  4:53  Hatchery  
  51  4:56  Drone x2  
  51  4:57  Baneling x4  
  52  5:05  Extractor  
  52  5:06  Roach Warren  
  46  5:23  Drone x2  
  46  5:24  Drone x5  
  46  5:26  Extractor  
  46  5:27  Queen  
  52  5:29  Overlord  
  52  5:37  Overlord  
  50  5:54  Roach  
  50  5:55  Roach x5  
  61  6:00  Roach x3  
  61  6:02  Overlord  
  61  6:03  Roach x2  
  71  6:07  Roach  
  71  6:08  Roach  
  75  6:13  Roach  
  75  6:16  Roach  
  78  6:20  Roach  
  78  6:23  Overlord  
  80  6:26  Roach x3  
  80  6:31  Zergling x4  
  88  6:34  Zergling x2  
  88  6:36  Ravager  
  88  6:37  Overlord  
  88  6:39  Overlord  
  89  6:42  Zergling x6  
  92  6:48  Zergling x2  
  92  6:52  Zergling x8  
  97  6:54  Overlord  
  97  6:57  Zergling x2  
  98  7:01  Ravager  
  98  7:02  Ravager  
  98  7:04  Baneling  
  98  7:06  Baneling x3  
  98  7:07  Zergling x6  
  103  7:11  Zergling x6  
  106  7:18  Zergling x4  
  106  7:19  Zergling x2  
  106  7:20  Ravager  
  106  7:21  Zergling x4  
  109  7:23  Baneling x2  
  109  7:24  Baneling  
Show
View Real Time Build Order
Export as new Build Order

Aelith Zerg 

Build Orders: Pool First, Zergling Baneling 

Get SALT Encoding   

  12  0:01  Drone  
  13  0:09  Drone  
  14  0:15  Extractor  
  14  0:16  Drone  
  14  0:34  Spawning Pool  
  13  0:37  Drone  
  14  0:45  Overlord  
  14  0:54  Drone, Extractor  
  15  1:21  Zergling x6, Metabolic Boost  
  18  1:28  Queen  
  20  1:34  Zergling x2  
  21  1:43  Baneling Nest  
  20  1:47  Zergling x2  
  21  1:55  Zergling x2  
  22  2:21  Hatchery  
  21  2:29  Baneling x2  
  21  2:34  Drone  
  18  2:51  Drone x2  
  18  2:52  Drone  
  21  3:01  Drone  
  21  3:03  Overlord  
  22  3:13  Overlord  
  22  3:15  Baneling x2  
  21  3:22  Zergling x2  
  21  3:26  Spine Crawler, Zergling x2  
  22  3:33  Zergling x6  
  24  3:41  Zergling x2  
  24  3:42  Zergling x2  
  24  3:43  Baneling  
  25  3:57  Zergling x6  
  25  4:01  Baneling  
  27  4:03  Drone x2  
  27  4:09  Drone x2  
  31  4:17  Drone x2  
  31  4:22  Drone  
  32  4:34  Queen  
  33  4:43  Zergling x8  
  37  4:45  Baneling  
  37  4:46  Baneling  
  37  4:49  Baneling x2  
  37  4:55  Zergling x2  
  37  4:56  Zergling x2  
  39  5:06  Drone  
  39  5:07  Drone x3  
  39  5:16  Baneling  
  39  5:17  Baneling x2  
  38  5:26  Drone x5  
  43  5:33  Lair  
  43  5:34  Drone  
  44  5:37  Extractor  
  44  5:39  Extractor  
  39  5:58  Drone x2  
  39  5:59  Drone x2  
  43  6:04  Extractor  
  43  6:08  Overlord x2  
  43  6:09  Overlord  
  41  6:41  Drone x5  
  41  6:42  Drone x7, Spire  
  51  6:56  Zergling x4  
  51  7:00  Spine Crawler  
  52  7:01  Baneling x5  
  52  7:02  Spine Crawler  
  52  7:04  Zergling x4  
  53  7:09  Zergling x4  
  54  7:20  Zergling x8  
Tags
 
Add a new tag
Caveats
  • Supply blocks, unpowered buildings, or Contaminate may cause inaccurate times.
  • Supply counts are checked every 10 seconds.